 Dungeon Crawl Stone Soup version 0.19.0-19-g8c6edcc (webtiles) character file.

210 Charly the Chopper (level 5, 0/45 HPs)
             Began as a Minotaur Berserker on Nov 15, 2016.
             Was a Follower of Trog.
             Slain by an orc
             ... wielding a +1 flail of crushing
              (4 damage)
             ... on level 3 of the Dungeon.
             The game lasted 00:02:08 (274 turns).

Charly the Chopper (Minotaur Berserker)              Turns: 274, Time: 00:02:08

Health: 0/45       AC:  6    Str: 22    XL:     5   Next: 56%
Magic:  4/4        EV: 10    Int:  4    God:    Trog [*.....]
Gold:   12         SH:  0    Dex: 10    Spells: 0 memorised, 4 levels left

rFire  . . .     SeeInvis .     a - +0 hand axe
rCold  . . .     Gourm    .     h - +0 scale mail
rNeg   . . .     Faith    .     (no shield)
rPois  .         Spirit   .     (helmet restricted)
rElec  .         Reflect  .     (no cloak)
rCorr  .         Harm     .     (no gloves)
MR     .....                    (no boots)
Stlth  ..........               (no amulet)
                                (no ring)
                                (no ring)

@: exhausted, slowed, very slow
A: retaliatory headbutt, horns 2
a: Berserk, Burn Spellbooks, Renounce Religion


You were on level 3 of the Dungeon.
You worshipped Trog.
Trog was aware of your devotion.
You were not hungry.

You visited 1 branch of the dungeon, and saw 3 of its levels.

You collected 12 gold pieces.

Inventory:

Hand Weapons
 a - a +0 hand axe (weapon)
Armour
 b - a +0 animal skin
 h - a +0 scale mail (worn)
Scrolls
 d - a scroll of magic mapping {unknown}
 f - a scroll of identify {unknown}
 g - a scroll of remove curse {unknown}
Potions
 e - a potion of cancellation {unknown}
Comestibles
 c - 2 bread rations


   Skills:
 - Level 3.6 Fighting
 + Level 7.6 Axes
 - Level 2.4 Armour
 - Level 2.1 Dodging


You had 4 spell levels left.
You didn't know any spells.

Dungeon Overview and Level Annotations

Branches:
Dungeon (3/15)

Altars:


Innate Abilities, Weirdness & Mutations

You reflexively headbutt those who attack you in melee.
You have a pair of horns on your head.


Message History

The leopard gecko hisses angrily.
You hear a shout!
You continue putting on your scale mail.
The leopard gecko barely misses you.
You continue putting on your scale mail.
The leopard gecko bites you.
* * * LOW HITPOINT WARNING * * *
The leopard gecko barely misses you.
You finish putting on your +0 scale mail.
Unknown command.
You hit the leopard gecko.
The leopard gecko is severely wounded.
The leopard gecko bites you.
* * * LOW HITPOINT WARNING * * *
The leopard gecko closely misses you.
Unknown command.
Your scale mail prevents you from hitting the orc.
You miss the leopard gecko. The leopard gecko bites you.
* * * LOW HITPOINT WARNING * * *
The orc hits you with a flail of crushing.
You die...

#.o... #..# # #.
#.!..###..# ##### ## #.
[........#####....
..##.# ##..............
#..#..###..#.(#######...
#..#..........###......
#..#..#..###.....##...
#...ol.......)....###
####...@.........###..##
#...........###### ##...
....(........# ###..
#.####.#####.# ..... .
.. ..# .##... ... ....
..... ...# .#. #... ...#
#... .... #..


You could see an orc and a leopard gecko.

Vanquished Creatures
  Sigmund (D:3)
  Jessica (D:3)
  3 adders
  An orc (D:3)
  A bat (D:3)
  A giant cockroach (D:3)
  2 hobgoblins (D:3)
  A kobold (D:3)
  A ball python (D:2)
  3 frilled lizards
  2 rats
17 creatures vanquished.

Notes
Turn   | Place    | Note
-------+----------+-------------------------------------------
     0 | D:1      | Charly the Minotaur Berserker began the quest for the Orb.
     0 | D:1      | Reached XP level 1. HP: 19/19 MP: 0/0
   139 | D:2      | Reached skill level 4 in Axes
   139 | D:2      | Reached XP level 2. HP: 26/26 MP: 1/1
   166 | D:3      | Noticed Jessica
   169 | D:3      | Killed Jessica
   169 | D:3      | Reached skill level 5 in Axes
   169 | D:3      | Reached XP level 3. HP: 27/31 MP: 2/2
   206 | D:3      | Noticed Sigmund
   221 | D:3      | Killed Sigmund
   221 | D:3      | Reached skill level 7 in Axes
   221 | D:3      | Reached XP level 4. HP: 11/39 MP: 3/3
   221 | D:3      | Reached XP level 5. HP: 12/45 MP: 4/4
   226 | D:3      | HP: 1/45 [adder (2)]
   274 | D:3      | Slain by an orc

Skill      XL: |  1  2  3 |
---------------+----------+-----
Axes           | 4 5 7 |  7.6
Fighting       | |  3.6
Armour         | |  2.4
Dodging        | |  2.1

Action                   |  1- 3 |  4- 6 || total
-------------------------+-------+-------++-------
Melee: Hand axe          |    20 |    13 ||    33
       Headbutt          |     6 |     1 ||     7
Invok: Berserk           |     2 |     1 ||     3
  Eat: Chunk             |       |     1 ||     1
Armor: Animal skin       |     2 |     2 ||     4
Dodge: Dodged            |     6 |    11 ||    17
